TOP OF THE 1ST |
So Cal Bruins batting - Pitching for Irvine Gang Green : RHP Dae-ho Kim
|
Pitching: RHP Dae-ho Kim
|
|
Batting: LHB Jesús Campos
|
0-0: Ball 1-0: Ball 2-0: Foul Ball, location: 2F 2-1: Called Strike 2-2: Foul Ball, location: 2F 2-2: Ball 3-2: Strikes out looking
|
Batting: RHB Lawrence Schroeder
|
0-0: Ball 1-0: Swinging Strike 1-1: Fly out, F8 (Flyball, 89M)
|
Batting: RHB Earl Wiggins
|
0-0: Ball 1-0: Ball 2-0: Called Strike 2-1: Ground out 6-3 (Groundball, 56)
|
Top of the 1st over - 0 run(s), 0 hit(s), 0 error(s), 0 left on base; So Cal 0 - Irvine 0 |
BOTTOM OF THE 1ST |
Irvine Gang Green batting - Pitching for So Cal Bruins : LHP Ramiro Jiménez
|
Pitching: LHP Ramiro Jiménez
|
|
Batting: RHB Tom Doherty
|
0-0: Foul Ball, location: 2F 0-1: Ground out 5-3 (Groundball, 5L)
|
Batting: RHB Ronnie Brown
|
0-0: Ground out 1-3 (Groundball, 13)
|
Batting: RHB José Salazar
|
0-0: Called Strike 0-1: Foul Ball, location: 2F 0-2: Ball 1-2: Ball 2-2: Foul Ball, location: 2F 2-2: Ball 3-2: Base on Balls
|
Batting: LHB Frank Geddes
|
0-0: Called Strike 0-1: Fielders Choice at 2nd, 6-4 (Groundball, 6)
|
Bottom of the 1st over - 0 run(s), 0 hit(s), 0 error(s), 0 left on base; So Cal 0 - Irvine 0 |
TOP OF THE 2ND |
So Cal Bruins batting - Pitching for Irvine Gang Green : RHP Dae-ho Kim
|
Batting: LHB José Antonio Santiago
|
0-0: Foul Ball, location: 2F 0-1: Swinging Strike 0-2: Foul Ball, location: 2F 0-2: Fly out, F8 (Flyball, 8LM)
|
Batting: RHB Rubén Calderón
|
0-0: Ball 1-0: Fly out, F6 (Popup, 6D)
|
Batting: LHB Kiyonaga Morita
|
0-0: Foul Ball, location: 2F 0-1: Ball 1-1: Ball 2-1: Ball 3-1: Foul Ball, location: 2F 3-2: Strikes out swinging
|
Top of the 2nd over - 0 run(s), 0 hit(s), 0 error(s), 0 left on base; So Cal 0 - Irvine 0 |
BOTTOM OF THE 2ND |
Irvine Gang Green batting - Pitching for So Cal Bruins : LHP Ramiro Jiménez
|
Batting: RHB Tyler Wagner
|
0-0: Ball 1-0: Fly out, F9 (Flyball, 9S)
|
Batting: LHB José Esparza
|
0-0: Ball 1-0: Called Strike 1-1: Foul Ball, location: 2F 1-2: Foul Ball, location: 2F 1-2: Foul Ball, location: 2F 1-2: Foul Ball, location: 2F 1-2: Ball 2-2: Foul Ball, location: 2F 2-2: Foul Ball, location: 2F 2-2: Ball 3-2: Fly out, F4 (Popup, 4D)
|
Batting: LHB Tom Baker
|
0-0: Ball 1-0: Ground out 6-3 (Groundball, 6MS)
|
Bottom of the 2nd over - 0 run(s), 0 hit(s), 0 error(s), 0 left on base; So Cal 0 - Irvine 0 |
TOP OF THE 3RD |
So Cal Bruins batting - Pitching for Irvine Gang Green : RHP Dae-ho Kim
|
Batting: LHB Phil Smith
|
0-0: Foul Ball, location: 2F 0-1: Swinging Strike 0-2: Fly out, F9 (Line Drive, 9S)
|
Batting: RHB Eugene Gill
|
0-0: Called Strike 0-1: Fly out, F8 (Flyball, 8LM)
|
Batting: RHB Morgan Gibbon
|
0-0: Called Strike 0-1: Called Strike 0-2: Ball 1-2: Foul Ball, location: 2F 1-2: Ball 2-2: Ball 3-2: Strikes out swinging
|
Top of the 3rd over - 0 run(s), 0 hit(s), 0 error(s), 0 left on base; So Cal 0 - Irvine 0 |
BOTTOM OF THE 3RD |
Irvine Gang Green batting - Pitching for So Cal Bruins : LHP Ramiro Jiménez
|
Batting: LHB José Sánchez
|
0-0: Ball 1-0: Called Strike 1-1: Foul Ball, location: 2F 1-2: Ground out U3 (Groundball, 34S)
|
Batting: RHB Aaron Wilson
|
0-0: Swinging Strike 0-1: Foul Ball, location: 2F 0-2: Ball 1-2: Fly out, F9 (Flyball, 9LMF)
|
Batting: RHB Tom Doherty
|
0-0: Fly out, F4 (Line Drive, 4)
|
Bottom of the 3rd over - 0 run(s), 0 hit(s), 0 error(s), 0 left on base; So Cal 0 - Irvine 0 |
TOP OF THE 4TH |
So Cal Bruins batting - Pitching for Irvine Gang Green : RHP Dae-ho Kim
|
Batting: LHB Jesús Campos
|
0-0: Called Strike 0-1: Ball 1-1: Ball 2-1: Called Strike 2-2: Ball 3-2: Base on Balls
|
Batting: RHB Lawrence Schroeder
|
0-0: Ball 1-0: Ball 2-0: Foul Ball, location: 2F 2-1: 2-RUN HOME RUN (Flyball, 7D) (Inside the Park)
|
Batting: RHB Earl Wiggins
|
0-0: Ball 1-0: Fly out, F8 (Line Drive, 89D)
|
Batting: LHB José Antonio Santiago
|
0-0: Called Strike 0-1: SOLO HOME RUN (Line Drive, 9D), Distance : 435 ft
|
Batting: RHB Rubén Calderón
|
0-0: Called Strike 0-1: Fly out, F8 (Flyball, 8LS)
|
Batting: LHB Kiyonaga Morita
|
0-0: Ball 1-0: Foul Ball, location: 2F 1-1: Foul Ball, location: 2F 1-2: Foul Ball, location: 2F 1-2: Foul Ball, location: 2F 1-2: Strikes out swinging
|
Top of the 4th over - 3 run(s), 2 hit(s), 0 error(s), 0 left on base; So Cal 3 - Irvine 0 |
BOTTOM OF THE 4TH |
Irvine Gang Green batting - Pitching for So Cal Bruins : LHP Ramiro Jiménez
|
Batting: RHB Ronnie Brown
|
0-0: Ground out 5-3 (Groundball, 5)
|
Batting: RHB José Salazar
|
0-0: Foul Ball, location: 2F 0-1: Swinging Strike 0-2: Strikes out swinging
|
Batting: LHB Frank Geddes
|
0-0: Foul Ball, location: 2F 0-1: Swinging Strike 0-2: Foul Ball, location: 2F 0-2: Ground out U3 (Groundball, 34S)
|
Bottom of the 4th over - 0 run(s), 0 hit(s), 0 error(s), 0 left on base; So Cal 3 - Irvine 0 |
TOP OF THE 5TH |
So Cal Bruins batting - Pitching for Irvine Gang Green : RHP Dae-ho Kim
|
Batting: LHB Phil Smith
|
0-0: Ball 1-0: Ball 2-0: Ball 3-0: Base on Balls
|
Batting: RHB Eugene Gill
|
0-0: Swinging Strike 0-1: Called Strike 0-2: Ground out 4-3 (Groundball, 34) Phil Smith to second
|
Batting: RHB Morgan Gibbon
|
0-0: Fly out, F9 (Flyball, 9S)
|
Batting: LHB Jesús Campos
|
0-0: Foul Ball, location: 2F 0-1: Ball 1-1: Foul Ball, location: 2F 1-2: Strikes out swinging
|
Top of the 5th over - 0 run(s), 0 hit(s), 0 error(s), 1 left on base; So Cal 3 - Irvine 0 |
BOTTOM OF THE 5TH |
Irvine Gang Green batting - Pitching for So Cal Bruins : LHP Ramiro Jiménez
|
Batting: RHB Tyler Wagner
|
0-0: Fly out, F2 (Popup, 3S)
|
Batting: LHB José Esparza
|
0-0: Called Strike 0-1: Foul Ball, location: 2F 0-2: Ball 1-2: Ball 2-2: Ball 3-2: Fly out, F3 (Popup, 3L)
|
Batting: LHB Tom Baker
|
0-0: Ground out 6-3 (Groundball, 6S)
|
Bottom of the 5th over - 0 run(s), 0 hit(s), 0 error(s), 0 left on base; So Cal 3 - Irvine 0 |
TOP OF THE 6TH |
So Cal Bruins batting - Pitching for Irvine Gang Green : RHP Dae-ho Kim
|
Batting: RHB Lawrence Schroeder
|
0-0: Called Strike 0-1: Ball 1-1: Ball 2-1: Ball 3-1: Ground out 4-3 (Groundball, 4)
|
Batting: RHB Earl Wiggins
|
0-0: Called Strike 0-1: SOLO HOME RUN (Flyball, 7D), Distance : 408 ft
|
Pitching: RHP Germán Pérez
|
|
Batting: LHB José Antonio Santiago
|
0-0: Ball 1-0: Swinging Strike 1-1: Called Strike 1-2: Strikes out swinging
|
Batting: RHB Rubén Calderón
|
0-0: Ball 1-0: Ground out 5-3 (Groundball, 56)
|
Top of the 6th over - 1 run(s), 1 hit(s), 0 error(s), 0 left on base; So Cal 4 - Irvine 0 |
BOTTOM OF THE 6TH |
Irvine Gang Green batting - Pitching for So Cal Bruins : LHP Ramiro Jiménez
|
Batting: LHB José Sánchez
|
0-0: Foul Ball, location: 2F 0-1: Swinging Strike 0-2: Ball 1-2: Foul Ball, location: 2F 1-2: Ground out U3 (Groundball, 3L)
|
Batting: RHB Aaron Wilson
|
0-0: Ball 1-0: Fly out, F9 (Flyball, 9)
|
Batting: RHB Tom Doherty
|
0-0: Foul Ball, location: 2F 0-1: Ball 1-1: Ball 2-1: Ball 3-1: Foul Ball, location: 2F 3-2: Ground out 5-3 (Groundball, 5L)
|
Bottom of the 6th over - 0 run(s), 0 hit(s), 0 error(s), 0 left on base; So Cal 4 - Irvine 0 |
TOP OF THE 7TH |
So Cal Bruins batting - Pitching for Irvine Gang Green : RHP Germán Pérez
|
Batting: LHB Kiyonaga Morita
|
0-0: Foul Ball, location: 2F 0-1: Ball 1-1: Swinging Strike 1-2: Ball 2-2: Ball 3-2: Foul Ball, location: 2F 3-2: Base on Balls
|
Batting: LHB Phil Smith
|
0-0: Called Strike 0-1: Ball 1-1: SINGLE (Groundball, 56D) Kiyonaga Morita to second
|
Batting: RHB Eugene Gill
|
0-0: Bunted foul 0-1: Bunted foul 0-2: Ball 1-2: Ball 2-2: Ball 3-2: Foul Ball, location: 2F 3-2: Base on Balls Kiyonaga Morita to third Phil Smith to second
|
Batting: RHB Morgan Gibbon
|
0-0: GRAND SLAM HOME RUN (Flyball, 7LD), Distance : 389 ft
|
Pitching: RHP Jung Chwa
|
|
Batting: LHB Jesús Campos
|
0-0: Ball 1-0: Ball 2-0: Foul Ball, location: 2F 2-1: Ball 3-1: Base on Balls
|
Batting: RHB Lawrence Schroeder
|
0-0: Called Strike 0-1: Grounds into double play, 6-4-3 (Groundball, 6)
|
Batting: RHB Earl Wiggins
|
0-0: Ball 1-0: Ground out 4-3 (Groundball, 4)
|
Top of the 7th over - 4 run(s), 2 hit(s), 0 error(s), 0 left on base; So Cal 8 - Irvine 0 |
BOTTOM OF THE 7TH |
Irvine Gang Green batting - Pitching for So Cal Bruins : LHP Ramiro Jiménez
|
Batting: RHB Ronnie Brown
|
0-0: Swinging Strike 0-1: Ball 1-1: Ball 2-1: Ball 3-1: Ground out 6-3 (Groundball, 6)
|
Batting: RHB José Salazar
|
0-0: Ball 1-0: Foul Ball, location: 2F 1-1: Foul Ball, location: 2F 1-2: Foul Ball, location: 2F 1-2: Ground out 4-3 (Groundball, 4)
|
Batting: LHB Frank Geddes
|
0-0: Ball 1-0: Foul Ball, location: 2F 1-1: Called Strike 1-2: Ball 2-2: SOLO HOME RUN (Line Drive, 89XD), Distance : 436 ft
|
Batting: RHB Tyler Wagner
|
0-0: Ball 1-0: Foul Ball, location: 2F 1-1: Ball 2-1: Ball 3-1: Called Strike 3-2: Fly out, F3 (Popup, 3L)
|
Bottom of the 7th over - 1 run(s), 1 hit(s), 0 error(s), 0 left on base; So Cal 8 - Irvine 1 |
TOP OF THE 8TH |
So Cal Bruins batting - Pitching for Irvine Gang Green : RHP Jung Chwa
|
Batting: LHB José Antonio Santiago
|
0-0: Fly out, F8 (Line Drive, 8RM)
|
Batting: RHB Rubén Calderón
|
0-0: Ball 1-0: DOUBLE (Line Drive, 7LD)
|
Batting: LHB Kiyonaga Morita
|
0-0: Ball 1-0: Ball 2-0: Called Strike 2-1: Ball 3-1: Base on Balls
|
Pinch Hitting: LHB Patrick Osborne
|
0-0: Ball 1-0: Called Strike 1-1: SINGLE (Line Drive, 78S) Rubén Calderón to third Kiyonaga Morita to second Runner from 3rd tries for Home, SAFE, no throw
|
Batting: RHB Eugene Gill
|
0-0: Called Strike 0-1: Grounds into double play, 4-6-3 (Groundball, 4)
|
Top of the 8th over - 1 run(s), 2 hit(s), 0 error(s), 1 left on base; So Cal 9 - Irvine 1 |
BOTTOM OF THE 8TH |
Irvine Gang Green batting - Pitching for So Cal Bruins : LHP Ramiro Jiménez
|
Now in LF: Patrick Osborne
|
|
Pinch Hitting: RHB Raúl Salas
|
0-0: Called Strike 0-1: Ball 1-1: Fly out, F6 (Line Drive, 6M)
|
Batting: LHB Tom Baker
|
0-0: Swinging Strike 0-1: Foul Ball, location: 2F 0-2: Fly out, F9 (Flyball, 9)
|
Batting: LHB José Sánchez
|
0-0: Ball 1-0: Fly out, F4 (Popup, 34D)
|
Bottom of the 8th over - 0 run(s), 0 hit(s), 0 error(s), 0 left on base; So Cal 9 - Irvine 1 |
TOP OF THE 9TH |
So Cal Bruins batting - Pitching for Irvine Gang Green : RHP Jung Chwa
|
Now in RF: Eichiro Yamamoto
|
|
Batting: RHB Morgan Gibbon
|
0-0: Ball 1-0: Called Strike 1-1: SINGLE (Groundball, 4MD)
|
Batting: LHB Jesús Campos
|
0-0: Grounds into double play, 4-6-3 (Groundball, 4)
|
Batting: RHB Lawrence Schroeder
|
Error on foul ball, E3 0-1: Called Strike 0-2: Ball 1-2: SINGLE (Groundball, 3D)
|
Batting: RHB Earl Wiggins
|
0-0: SINGLE (Flyball, 8LS) Lawrence Schroeder to second
|
Batting: LHB José Antonio Santiago
|
0-0: Called Strike 0-1: Ball 1-1: Fly out, F8 (Line Drive, 89D)
|
Top of the 9th over - 0 run(s), 3 hit(s), 1 error(s), 2 left on base; So Cal 9 - Irvine 1 |
BOTTOM OF THE 9TH |
Irvine Gang Green batting - Pitching for So Cal Bruins : LHP Ramiro Jiménez
|
Batting: RHB Aaron Wilson
|
0-0: SINGLE (Groundball, 4MD)
|
Batting: RHB Tom Doherty
|
0-0: Ball 1-0: Foul Ball, location: 2F 1-1: Fly out, F7 (Flyball, 78M)
|
Batting: RHB Ronnie Brown
|
0-0: Swinging Strike 0-1: Fly out, F8 (Line Drive, 8RD)
|
Batting: RHB José Salazar
|
0-0: Foul Ball, location: 2F 0-1: Ball 1-1: Called Strike 1-2: Foul Ball, location: 2F 1-2: Strikes out swinging
|
Bottom of the 9th over - 0 run(s), 1 hit(s), 0 error(s), 1 left on base; So Cal 9 - Irvine 1 |
|